Map: Riptide

Players

RabbitSpirit - Winner!

  • Race: Protoss Protoss

SupplyBlocK - Winner!

  • Race: Terran Terran
  • League: Grandmaster

Rimaani - Winner!

  • Race: Terran Terran

Toasted - Winner!

  • Race: Protoss Protoss
  • League: Diamond

ToiletDive

  • Race: Terran Terran

MAYoooNINTH

  • Race: Terran Terran
  • League: Master

Tamerlan

  • Race: Zerg Zerg

VirusLesbian

  • Race: Zerg Zerg

VOD

Have the link to the VOD?

Description

Time

  • Played on: Oct. 21, 2026, 7:05 a.m.
  • Length: 18:59
Show
View Real Time Build Order
Export as new Build Order

RabbitSpirit Protoss - Winner!

Build Orders: Oracle Opening 

Get SALT Encoding   

  12  0:03  Probe  
  13  0:15  Probe  
  13  0:19  Pylon  
  14  0:28  Probe  
  15  0:40  Probe (Chrono Boost)  
  16  0:42  Gateway  
  16  0:51  Assimilator  
  16  0:52  Probe (Chrono Boost)  
  17  0:58  Probe (Chrono Boost)  
  17  1:02  Assimilator  
  18  1:06  Probe  
  19  1:16  Pylon  
  19  1:21  Forge  
  19  1:22  Probe  
  20  1:37  Cybernetics Core  
  20  1:38  Probe  
  21  1:49  Pylon  
  21  1:51  Probe  
  22  1:59  Photon Cannon  
  22  2:19  Stargate  
  22  2:22  Warp Gate  
  22  2:39  Nexus  
  22  2:47  Shield Battery  
  22  2:53  Probe  
  23  3:03  Oracle (Chrono Boost)  
  23  3:05  Probe  
  27  3:17  Probe  
  28  3:20  Stalker (Chrono Boost)  
  30  3:33  Oracle  
  33  3:34  Probe  
  33  3:41  Adept (Chrono Boost)  
  34  3:46  Pylon  
  34  4:04  Probe x2  
  34  4:05  Photon Cannon  
  34  4:09  Shield Battery  
  36  4:16  Probe  
  36  4:17  Probe  
  38  4:28  Probe  
  38  4:29  Probe, Void Ray (Chrono Boost)  
  38  4:30  Assimilator  
  44  4:50  Probe x2  
  46  5:02  Probe x2  
  46  5:05  Void Ray  
  49  5:51  Protoss Ground Weapons Level 1 (Chrono Boost)  
  49  5:55  Probe x2  
  49  5:56  Forge  
  51  5:57  Pylon  
  51  6:28  Probe x2  
  51  6:30  Protoss Shields Level 1 (Chrono Boost)  
  53  6:36  Gateway  
  53  6:37  Gateway  
  53  6:38  Gateway  
  53  6:40  Twilight Council  
  53  6:42  Gateway  
  53  6:44  Probe  
  53  6:45  Gateway, Probe  
  53  6:46  Assimilator  
  55  6:57  Probe x2  
  57  7:09  Probe x2  
  57  7:12  Nexus  
  57  7:13  Pylon  
  56  7:16  Assimilator  
  56  7:18  Stalker  
  56  7:21  Assimilator  
  58  7:23  Blink (Chrono Boost)  
  58  7:32  Templar Archives  
  58  7:34  Stalker  
  58  7:35  Stalker x3  
  66  7:41  Probe  
  67  7:46  Protoss Ground Weapons Level 2 (Chrono Boost)  
  67  7:50  Psionic Storm  
  67  7:51  Pylon  
  67  7:53  Gateway  
  67  7:54  Pylon  
  67  7:56  Photon Cannon, Pylon  
  67  7:58  Gateway  
  67  8:00  Probe x2, Shield Battery  
  67  8:02  Pylon  
  69  8:12  Probe  
  70  8:15  High Templar  
  70  8:17  Protoss Ground Armor Level 1  
  72  8:20  High Templar  
  74  8:33  Probe x3  
  77  8:45  Probe x3  
  80  8:55  Robotics Facility  
  80  8:56  Robotics Facility  
  80  8:57  Pylon  
  80  9:02  Probe x3  
  83  9:05  High Templar  
  83  9:06  High Templar  
  83  9:07  Stalker x2  
  83  9:09  Charge  
  91  9:14  Probe x3  
  94  9:26  Probe  
  63  9:49  Observer (Chrono Boost)  
  65  9:56  Observer (Chrono Boost)  
  65  9:58  Robotics Bay  
  65  10:07  Probe x2  
  67  10:19  Probe x2  
  69  10:21  Nexus  
  69  10:31  Probe x2  
  71  10:36  Assimilator  
  71  10:39  Photon Cannon  
  71  10:41  Colossus x2  
  71  10:42  Photon Cannon  
  71  10:43  Probe x2  
  71  10:45  Photon Cannon  
  71  10:48  Photon Cannon  
  73  10:50  Extended Thermal Lance (Chrono Boost)  
  73  10:52  Photon Cannon  
  73  10:55  Probe x2  
  87  11:07  Probe  
  87  11:08  Probe  
  89  11:19  Probe  
  89  11:20  Probe  
  89  11:23  Protoss Ground Weapons Level 3, Protoss Shields Level 2  
  91  11:31  Probe  
  91  11:32  Probe  
  93  11:52  Observer  
  93  12:14  Colossus x2 (Chrono Boost)  
  93  12:18  Stalker x3  
  93  12:19  Stalker x2  
  115  12:45  Zealot x3  
  115  12:46  Zealot x4  
  115  12:47  Zealot  
  115  12:50  Probe  
  115  12:51  Probe  
  133  13:34  Assimilator  
  133  13:35  Probe  
  133  13:36  Assimilator  
  133  13:37  Immortal x2 (Chrono Boost)  
  81  14:11  Protoss Ground Armor Level 2 (Chrono Boost), Protoss Shields Level 3 (Chrono Boost)  
  81  14:12  Colossus (Chrono Boost)  
  81  14:13  Robotics Facility, Colossus (Chrono Boost)  
  93  14:22  Stalker x4  
  93  14:23  Stalker x4  
  109  14:43  Observer  
  109  14:49  Pylon  
  109  14:51  Pylon  
  109  14:52  Stalker x6  
  117  14:53  Stalker x2  
  117  14:54  Pylon  
  117  14:57  Pylon x2  
  117  14:59  Observer x2  
  125  15:24  Immortal x3  
  137  15:39  High Templar  
  137  15:40  High Templar x3  
  145  15:43  Nexus  
  145  15:47  Assimilator  
  145  15:51  Assimilator  
  145  15:55  Pylon  
  145  16:03  Immortal x2  
  145  16:04  Immortal  
  157  16:07  Stalker x4  
  165  16:18  Photon Cannon  
  165  16:22  Shield Battery  
  165  16:24  Photon Cannon  
  165  16:27  Pylon  
  165  16:42  Immortal  
  165  16:43  Immortal x2  
  175  17:02  Gravitic Boosters  
  161  17:57  Stalker x3  
  161  17:58  Stalker x5  
  177  18:53  Nexus  
  177  18:57  Assimilator  
  177  18:59  Assimilator  
Show
View Real Time Build Order
Export as new Build Order

SupplyBlocK Terran - Winner!

Build Orders: Reaper Expand 

Get SALT Encoding   

  12  0:00  SCV  
  13  0:12  SCV  
  14  0:24  SCV  
  14  0:28  Supply Depot  
  15  0:49  SCV  
  16  0:50  Barracks  
  16  0:54  Refinery  
  16  1:02  SCV  
  17  1:14  SCV  
  18  1:26  SCV  
  19  1:37  Reaper  
  19  1:39  Orbital Command  
  20  1:50  Command Center  
  20  2:12  Command Center  
  20  2:13  SCV  
  21  2:17  Supply Depot  
  21  2:25  SCV  
  22  2:33  Factory  
  22  2:37  SCV  
  22  2:40  Refinery  
  23  2:49  SCV  
  24  2:52  Barracks Tech Lab  
  24  3:02  SCV  
  24  3:03  Orbital Command  
  24  3:05  Refinery  
  25  3:14  SCV  
  25  3:18  Marine  
  18  3:52  Siege Tank  
  21  3:57  SCV  
  21  4:05  Orbital Command  
  21  4:11  SCV  
  22  4:19  SCV  
  22  4:23  SCV  
  27  4:24  Siege Tank  
  27  4:31  SCV  
  27  4:34  SCV  
  27  4:35  SCV  
  30  4:43  Factory  
  30  4:44  SCV  
  31  4:46  SCV  
  31  4:47  SCV  
  33  4:56  SCV, Siege Tank  
  33  4:59  SCV x2  
  39  5:05  Refinery  
  39  5:08  SCV  
  39  5:11  SCV x2  
  42  5:15  Barracks Tech Lab  
  42  5:20  SCV  
  43  5:23  SCV x2  
  43  5:26  Ghost Academy  
  45  5:32  SCV, Siege Tank  
  45  5:34  Factory Tech Lab  
  45  5:35  SCV x2  
  51  5:42  Supply Depot  
  50  5:44  SCV  
  50  5:47  SCV x2  
  53  5:54  Siege Tank, Barracks  
  53  5:56  SCV  
  57  5:58  Ghost  
  57  5:59  SCV x2  
  61  6:08  SCV  
  61  6:09  Supply Depot  
  62  6:14  SCV  
  62  6:16  Barracks  
  62  6:17  Orbital Command  
  64  6:20  SCV  
  64  6:26  SCV  
  64  6:27  Ghost, Engineering Bay  
  64  6:28  Engineering Bay  
  68  6:32  SCV  
  68  6:34  Siege Tank  
  68  6:38  SCV  
  72  6:45  SCV  
  72  6:46  SCV  
  74  6:49  Barracks Tech Lab  
  74  6:50  SCV  
  75  6:55  Ghost  
  75  6:58  Terran Infantry Armor Level 1, Terran Infantry Weapons Level 1  
  75  7:00  Supply Depot  
  77  7:01  Supply Depot  
  77  7:02  Supply Depot  
  77  7:12  Supply Depot, Barracks Tech Lab  
  77  7:17  Personal Cloaking  
  77  7:21  Ghost, SCV x2  
  77  7:22  SCV  
  82  7:32  Ghost x2  
  82  7:33  Refinery  
  82  7:34  SCV x3  
  82  7:35  Refinery  
  89  7:43  Armory  
  89  7:46  SCV x3  
  92  7:58  Ghost, SCV x3  
  97  8:05  Starport  
  97  8:06  Ghost  
  97  8:07  Command Center  
  97  8:10  SCV x3  
  102  8:14  Ghost  
  102  8:15  Supply Depot x2  
  104  8:21  Missile Turret  
  104  8:22  SCV, Missile Turret  
  105  8:27  Ghost  
  105  8:30  Missile Turret  
  105  8:32  Supply Depot  
  107  8:35  Supply Depot  
  102  8:53  Ghost x2  
  106  8:55  Ghost  
  106  9:01  Missile Turret x2  
  108  9:03  SCV x2, Missile Turret  
  108  9:05  SCV, Missile Turret  
  111  9:14  Starport Reactor  
  111  9:16  SCV x2  
  113  9:21  Ghost  
  113  9:22  Ghost  
  117  9:24  Ghost  
  117  9:25  Terran Infantry Armor Level 2, Terran Infantry Weapons Level 2  
  119  9:35  SCV x2  
  121  9:38  Siege Tank  
  121  9:45  Siege Tank  
  123  9:58  SCV x2  
  125  10:05  Ghost  
  125  10:06  Ghost  
  129  10:07  SCV  
  129  10:10  Command Center, Siege Tank  
  133  10:17  SCV x2, Ghost  
  133  10:20  SCV  
  138  10:23  Missile Turret  
  138  10:32  Nuke  
  138  10:34  Ghost  
  131  10:47  Medivac x2  
  131  10:49  SCV x4  
  137  10:56  Ghost  
  139  11:01  SCV x2  
  132  11:16  SCV x3  
  135  11:18  Ghost x2  
  135  11:21  Refinery  
  135  11:22  Refinery  
  135  11:23  Missile Turret  
  136  11:29  SCV  
  136  11:30  SCV x3  
  140  11:36  Terran Vehicle Weapons Level 1  
  140  11:38  Medivac x2  
  144  11:42  Refinery  
  144  11:47  SCV x2  
  146  11:54  Command Center  
  146  11:55  Ghost  
  146  11:57  SCV  
  146  11:58  Orbital Command  
  146  11:59  SCV x2  
  151  12:08  Terran Infantry Weapons Level 3  
  151  12:09  SCV  
  151  12:11  SCV  
  151  12:12  SCV  
  154  12:16  Terran Infantry Armor Level 3  
  154  12:21  Ghost, SCV  
  157  12:23  SCV  
  157  12:24  SCV  
  153  12:35  SCV x2  
  153  12:36  SCV, Planetary Fortress  
  154  12:41  SCV  
  154  12:42  Command Center  
  153  12:46  Command Center  
  153  12:47  SCV  
  153  12:48  SCV x2  
  153  12:50  Siege Tank x2  
  162  12:51  Refinery  
  162  12:53  SCV  
  163  13:08  Ghost Academy  
  163  13:09  Ghost Academy  
  163  13:13  Ghost Academy  
  163  13:14  Ghost Academy  
  163  13:16  Barracks x2  
  163  13:17  Barracks  
  163  13:25  Orbital Command  
  163  13:30  Missile Turret, Ghost x3  
  163  13:32  Missile Turret  
  169  13:39  Ghost Academy  
  169  13:40  Ghost Academy  
  169  13:54  Siege Tank  
  169  13:55  Siege Tank  
  175  13:59  Ghost x3  
  181  14:07  Command Center x2  
  181  14:09  Missile Turret x2  
  181  14:11  Missile Turret x2, Nuke  
  181  14:12  Nuke x2  
  181  14:13  Nuke  
  181  14:17  Nuke  
  181  14:25  Barracks Tech Lab x2  
  181  14:32  Siege Tank x2  
  187  14:41  Terran Vehicle And Ship Armor Level 1  
  187  14:42  Armory  
  187  14:48  Planetary Fortress  
  187  14:49  Orbital Command  
  187  15:20  SCV  
  188  15:24  Planetary Fortress  
  188  15:25  Ghost x2  
  188  15:26  Barracks Tech Lab  
  188  15:27  Siege Tank x2  
  197  15:41  Ghost  
  156  16:11  SCV  
  156  16:12  Ghost x2  
  156  16:13  Ghost x4  
  155  16:18  SCV x2  
  155  16:19  SCV  
  155  16:21  SCV x3  
  161  16:27  Refinery  
  161  16:29  Refinery  
  161  16:40  Nuke x3  
  161  16:41  Ghost x4  
  167  17:02  SCV x2  
  167  17:06  SCV  
  168  17:12  Orbital Command  
  168  17:13  Ghost x3  
  168  17:15  Ghost  
  176  17:25  Ghost  
  176  17:29  Ghost  
  180  17:42  Command Center x2  
  178  17:46  Command Center  
  177  17:53  Ghost x4  
  177  17:54  Ghost  
  187  18:11  Command Center  
  187  18:13  Command Center  
  187  18:16  Command Center  
  187  18:18  Command Center, Medivac x2  
  191  18:20  Fusion Core  
  191  18:21  Command Center  
  191  18:22  Command Center  
Show
View Real Time Build Order
Export as new Build Order

Rimaani Terran - Winner!

Build Orders:  

Get SALT Encoding   

  12  0:00  SCV  
  13  0:12  SCV  
  14  0:19  Supply Depot  
  14  0:24  SCV  
  15  0:41  SCV  
  16  1:06  Barracks x2  
  16  1:08  Barracks  
  16  1:29  Barracks  
  16  1:37  SCV, Supply Depot  
  17  1:52  Orbital Command  
  17  1:53  Marine  
  17  2:06  Bunker  
  15  2:32  SCV, Command Center  
  15  2:35  Refinery  
  16  2:42  Refinery  
  16  2:52  SCV  
  16  2:55  Supply Depot  
  17  3:06  SCV  
  18  3:16  Marine  
  20  3:28  Barracks Tech Lab  
  20  3:30  SCV  
  21  3:36  Factory  
  19  3:41  Barracks Reactor  
  19  3:44  Barracks Reactor  
  19  3:52  Orbital Command  
  14  3:59  Marine  
  14  4:00  SCV  
  14  4:16  SCV  
  15  4:40  SCV  
  16  4:56  Refinery  
  16  4:58  Barracks  
  16  4:59  Engineering Bay, Refinery  
  16  5:00  Factory Reactor  
  16  5:05  Barracks Tech Lab  
  16  5:11  SCV x2  
  18  5:19  Barracks Reactor  
  18  5:23  SCV x2  
  18  5:25  Command Center  
  20  5:34  Barracks Reactor  
  20  5:35  SCV  
  21  5:38  Marine  
  22  5:46  Barracks Reactor  
  22  5:47  SCV  
  22  5:48  SCV  
  24  6:04  Starport  
  24  6:05  Factory Tech Lab  
  24  6:09  Marine x2  
  27  6:13  SCV  
  27  6:16  SCV  
  29  6:21  Marine  
  29  6:23  Stimpack  
  29  6:29  Siege Tank  
  32  6:36  Marine x2  
  32  6:38  SCV  
  35  6:40  SCV  
  36  6:47  Medivac  
  36  6:53  Orbital Command  
  38  6:59  Marine x2  
  40  7:03  SCV x2  
  42  7:09  Marine x3  
  42  7:14  Terran Infantry Weapons Level 1  
  45  7:17  SCV x2  
  45  7:21  SCV  
  48  7:26  Marine x2  
  48  7:27  Marine  
  51  7:38  Medivac x2, Marine x2  
  57  7:44  Marine  
  57  7:49  SCV x2  
  50  7:58  Marine x4  
  52  8:00  SCV  
  52  8:02  Marine  
  55  8:07  Engineering Bay  
  55  8:08  Medivac x2  
  55  8:11  SCV x2  
  61  8:12  Armory  
  61  8:18  Siege Tank, SCV  
  65  8:24  SCV x2  
  67  8:29  Marine x2  
  69  8:37  Missile Turret  
  69  8:55  Supply Depot  
  69  8:57  Supply Depot  
  69  9:00  Terran Infantry Armor Level 1  
  69  9:06  Supply Depot  
  69  9:07  Terran Vehicle And Ship Armor Level 1  
  69  9:17  Marine x5, SCV x3, Supply Depot  
  77  9:35  Marine x5  
  77  9:37  Barracks x2  
  82  9:45  Command Center  
  82  9:47  Siege Tank  
  82  9:52  Marine  
  86  10:01  Marine x4  
  90  10:10  Marine, Sensor Tower  
  91  10:15  SCV x2  
  91  10:18  Marine x2  
  91  10:19  Marine, Siege Tank  
  99  10:27  Medivac  
  101  10:50  Marine x3  
  101  10:51  Marine x2  
  83  11:02  SCV x3  
  82  11:07  Marine  
  82  11:08  Marine x3  
  82  11:09  Marine  
  87  11:11  Supply Depot  
  87  11:12  Supply Depot x2, Hellion  
  87  11:14  SCV x3  
  87  11:15  Supply Depot, Planetary Fortress  
  91  11:26  Marine x3  
  91  11:30  Barracks Tech Lab  
  91  11:32  Barracks Tech Lab  
  83  11:54  SCV x3  
  83  11:55  Terran Infantry Weapons Level 2  
  83  11:56  Terran Infantry Armor Level 2  
  83  11:58  Marine x4  
  83  11:59  Marine x3  
  92  12:01  Supply Depot  
  92  12:02  Supply Depot  
  92  12:15  Medivac  
  92  12:16  Medivac, Marine x6, SCV x3  
  92  12:17  Marine  
  106  12:34  SCV x2, Marine x6  
  107  12:58  Siege Tank, Marine x3  
  107  12:59  Marine x4  
  107  13:01  Command Center  
  114  13:13  Medivac  
  114  13:14  SCV x2  
  114  13:16  Marine x4  
  114  13:17  Marine x2, Marauder  
  116  13:34  Marine  
  98  13:35  Marine x5  
  98  13:36  SCV  
  98  13:38  Marine  
  106  13:52  Marine  
  106  13:53  Marine x5  
  107  13:56  Marine  
  94  14:07  SCV x3  
  94  14:09  Marine  
  86  14:10  Marine  
  86  14:11  Marine x4  
  86  14:13  Marine  
  93  14:20  SCV  
  94  14:26  Orbital Command  
  94  14:27  Marine  
  94  14:28  Marine x3  
  94  14:29  Marine x2, Terran Infantry Weapons Level 3  
  94  14:30  Terran Infantry Armor Level 3  
  100  14:31  Marine  
  101  14:38  Siege Tank  
  101  14:45  Marine  
  101  14:46  Marine x3  
  94  14:55  Marine  
  94  14:56  Marine x2  
  94  14:57  SCV x3  
  94  14:58  SCV  
  101  15:03  Marine  
  101  15:04  Marine x3  
  105  15:13  Marine  
  103  15:22  Marauder x2  
  103  15:24  Medivac x2, SCV  
  103  15:25  Siege Tank, SCV x2  
  103  15:27  Marine x4  
  121  15:32  Marauder  
  123  15:38  Smart Servos  
  123  15:40  Terran Vehicle And Ship Armor Level 2  
  123  15:43  Marine, Marauder  
  123  15:45  Marine x2  
  123  15:46  Marine  
  123  15:47  Marine  
  130  15:53  Marauder  
  131  16:01  Marauder  
  131  16:03  Marine x2  
  128  16:04  Marine x3  
  130  16:14  Marine  
  130  16:16  Medivac  
  133  16:20  Marine  
  133  16:21  Marine  
  133  16:22  Marine x4  
  133  16:23  SCV x4  
  143  16:27  Refinery  
  143  16:28  Refinery  
  143  16:32  Marine  
  144  16:38  Marine x2  
  146  16:40  Marine  
  142  16:57  Refinery  
  128  17:01  Marauder x3  
  128  17:08  Marine x4  
  123  17:09  SCV x2  
  127  17:23  Marauder x3  
  127  17:25  Marine x2  
  127  17:26  Marine x2  
  135  17:38  Command Center  
  135  17:43  Marine x3, Refinery  
  135  17:44  Marine x3, Marauder  
  142  17:45  Missile Turret, Refinery  
  142  17:48  Missile Turret  
  143  18:01  Marine x5, SCV x3  
  143  18:02  Marine  
  143  18:05  Marine  
  153  18:10  Supply Depot  
  153  18:12  SCV  
  154  18:13  SCV  
  154  18:19  Marine x6  
  160  18:23  Marine  
  160  18:25  Medivac x2, SCV  
  164  18:31  SCV x3  
  165  18:37  Marine x6, SCV  
  165  18:41  Marine  
  167  18:43  SCV x3  
Show
View Real Time Build Order
Export as new Build Order

Toasted Protoss - Winner!

Build Orders:  

Get SALT Encoding   

  12  0:00  Probe  
  13  0:13  Probe  
  14  0:20  Pylon  
  14  0:25  Probe  
  15  0:38  Probe  
  15  0:41  Gateway  
  16  0:46  Assimilator  
  16  0:51  Assimilator  
  16  0:53  Probe  
  17  1:05  Probe  
  18  1:15  Gateway  
  18  1:18  Probe  
  19  1:30  Probe, Cybernetics Core  
  20  1:45  Probe  
  21  1:49  Pylon  
  21  1:58  Probe  
  24  2:09  Stalker (Chrono Boost)  
  24  2:10  Sentry (Chrono Boost)  
  24  2:11  Warp Gate  
  24  2:15  Probe  
  27  2:23  Pylon  
  27  2:33  Stalker (Chrono Boost)  
  27  2:36  Stalker (Chrono Boost)  
  31  2:43  Gateway  
  31  2:50  Probe  
  32  2:57  Stalker  
  34  2:59  Stalker  
  34  3:04  Pylon  
  34  3:34  Probe  
  35  3:42  Nexus  
  35  3:46  Probe  
  36  3:56  Stalker x2  
  36  3:58  Probe  
  41  4:07  Pylon  
  41  4:10  Probe  
  42  4:23  Probe  
  43  4:27  Twilight Council  
  43  4:34  Zealot x2  
  43  4:35  Probe  
  43  4:37  Shield Battery  
  48  4:47  Probe  
  35  5:09  Stalker x3  
  41  5:15  Pylon  
  41  5:17  Blink (Chrono Boost)  
  39  5:31  Probe x2  
  41  5:36  Gateway, Stalker x2  
  45  5:43  Probe  
  45  5:44  Probe  
  45  5:48  Zealot  
  49  5:55  Probe  
  49  5:56  Probe  
  51  6:02  Stalker x2  
  47  6:19  Probe x2  
  49  6:28  Assimilator  
  49  6:31  Probe x2  
  49  6:32  Assimilator  
  51  6:45  Nexus  
  51  6:46  Pylon  
  51  6:47  Probe x2  
  53  6:55  Charge (Chrono Boost)  
  53  6:59  Probe x2  
  53  7:00  Gateway  
  55  7:06  Forge  
  55  7:11  Probe x2  
  55  7:14  Shield Battery  
  57  7:16  Zealot  
  59  7:23  Probe x2  
  59  7:25  Protoss Ground Weapons Level 1 (Chrono Boost)  
  61  7:30  Zealot x2  
  61  7:31  Pylon  
  61  7:35  Probe  
  66  7:43  Probe  
  67  7:49  Robotics Facility  
  67  7:52  Pylon  
  67  7:54  Stalker x2  
  71  8:01  Probe  
  71  8:03  Probe x2  
  71  8:04  Zealot  
  71  8:05  Assimilator  
  76  8:07  Zealot  
  78  8:13  Templar Archives  
  78  8:15  Probe  
  79  8:20  Gateway  
  79  8:23  Gateway  
  79  8:27  Probe x2  
  79  8:28  Probe  
  82  8:34  Zealot  
  82  8:35  Zealot  
  82  8:39  Probe  
  82  8:40  Probe x2  
  89  8:47  Zealot x2  
  93  8:51  Probe  
  93  8:52  Probe  
  93  8:53  Probe  
  96  9:03  Observer, Probe  
  98  9:10  Pylon  
  98  9:15  Probe  
  99  9:19  Nexus  
  99  9:21  Pylon, Zealot x3  
  99  9:22  Zealot  
  99  9:24  Pylon  
  76  9:48  Probe  
  76  9:50  Probe  
  78  10:01  Probe  
  78  10:02  Probe, High Templar  
  78  10:03  High Templar x4  
  61  10:34  Probe (Chrono Boost)  
  61  10:35  Pylon, Probe (Chrono Boost)  
  63  10:36  Pylon  
  63  10:39  Pylon  
  63  10:40  Probe (Chrono Boost), Pylon  
  64  10:44  Probe (Chrono Boost)  
  64  10:45  Probe (Chrono Boost)  
  64  10:49  Probe (Chrono Boost)  
  66  10:50  Probe x2 (Chrono Boost)  
  66  10:57  Twilight Council  
  68  10:58  Pylon, Probe  
  68  11:00  Probe x2  
  68  11:02  Pylon  
  71  11:05  Assimilator, Zealot x3  
  71  11:06  Pylon  
  71  11:07  Assimilator  
  71  11:09  Nexus  
  71  11:10  Probe  
  78  11:14  Probe, Robotics Facility  
  78  11:15  Probe  
  78  11:17  Forge  
  80  11:22  Zealot x2  
  80  11:23  Probe  
  85  11:28  Probe  
  85  11:29  Gateway  
  86  11:44  Shield Battery  
  86  11:48  Protoss Ground Weapons Level 2 (Chrono Boost), Stalker  
  86  11:49  Stalker x4  
  96  12:00  Photon Cannon  
  96  12:02  Probe, Photon Cannon  
  96  12:04  Photon Cannon  
  97  12:11  Templar Archives  
  97  12:12  Observer (Chrono Boost)  
  98  12:18  Assimilator  
  98  12:20  Immortal (Chrono Boost)  
  98  12:21  Probe x2  
  100  12:23  Probe x2, Assimilator  
  100  12:29  Psionic Storm  
  106  12:30  Stalker x2  
  106  12:31  Stalker x3  
  106  12:33  Probe x2  
  118  12:46  Pylon  
  118  12:48  Pylon  
  118  12:57  Stalker x5  
  128  12:58  Immortal  
  132  13:15  Probe  
  132  13:16  Probe x2  
  135  13:23  Zealot x5  
  145  13:31  Photon Cannon  
  145  13:34  Photon Cannon  
  145  13:35  Photon Cannon  
  145  13:37  Observer  
  145  13:39  Photon Cannon  
  107  14:01  Protoss Ground Weapons Level 3 (Chrono Boost)  
  107  14:02  Zealot x2  
  107  14:03  Zealot x3  
  107  14:05  Probe  
  118  14:10  Gateway  
  118  14:12  Gateway  
  118  14:13  Immortal (Chrono Boost)  
  122  14:19  Gateway  
  122  14:23  Gateway  
  122  14:25  Gateway  
  122  14:26  Gateway  
  122  14:29  Zealot  
  122  14:30  Zealot x4  
  132  14:44  Observer  
  113  14:57  Zealot x5  
  116  15:03  Immortal  
  104  15:32  Immortal  
  105  15:43  Probe  
  106  15:50  Probe  
  106  15:51  Probe  
  108  15:59  High Templar x6  
  108  16:00  High Templar x5  
  130  16:05  Archon x5  
  130  16:07  Pylon  
  130  16:08  Pylon  
  130  16:11  Pylon, Observer  
  131  16:23  Photon Cannon  
  125  16:32  Zealot x7  
  133  16:33  Zealot x4  
  133  16:37  Immortal (Chrono Boost)  
  147  16:41  Protoss Ground Armor Level 1 (Chrono Boost)  
  151  17:00  Zealot x10  
  151  17:01  Zealot  
  173  17:03  Observer  
  174  17:18  Immortal  
  160  17:50  Stalker x11  
  180  18:01  Immortal  
  162  18:24  Stalker x3  
  162  18:25  Stalker x8  
  170  18:40  Observer  
  161  18:48  Stalker x6  
  161  18:49  Stalker x5  
Show
View Real Time Build Order
Export as new Build Order

ToiletDive Terran 

Build Orders: 2 Factory, Mech 

Get SALT Encoding   

  12  0:02  SCV  
  13  0:14  SCV  
  14  0:20  Supply Depot  
  14  0:27  Refinery  
  15  0:28  SCV  
  15  0:44  Barracks  
  15  0:47  SCV  
  16  0:53  Refinery  
  16  0:59  SCV  
  17  1:11  SCV  
  18  1:24  SCV  
  19  1:29  Supply Depot  
  19  1:33  Factory  
  19  1:35  Barracks Tech Lab  
  19  1:49  Orbital Command  
  19  2:03  Barracks Tech Lab  
  19  2:18  SCV  
  20  2:28  Siege Tank, Factory  
  23  2:32  SCV  
  24  2:46  Barracks Tech Lab  
  24  2:49  SCV  
  25  3:01  Siege Tank  
  28  3:26  Command Center, Supply Depot, Siege Tank  
  31  3:29  Mag-Field Accelerator  
  31  3:48  SCV  
  32  3:49  Siege Tank  
  35  3:59  Widow Mine  
  37  4:07  SCV  
  38  4:16  Supply Depot  
  38  4:19  SCV  
  39  4:37  Cyclone x2  
  45  4:47  Engineering Bay  
  45  4:48  Orbital Command  
  45  4:55  Armory  
  36  5:09  Cyclone  
  39  5:34  Missile Turret  
  39  5:37  Missile Turret  
  34  5:57  SCV x2  
  34  5:59  Hi-Sec Auto Tracking  
  34  6:01  Terran Vehicle Weapons Level 1  
  36  6:09  SCV  
  36  6:10  SCV  
  38  6:21  SCV  
  39  6:27  Drilling Claws  
  39  6:30  SCV  
  40  6:34  SCV  
  41  6:42  SCV  
  41  6:44  Refinery  
  41  6:45  Refinery  
  41  6:46  SCV  
  43  6:47  Supply Depot  
  43  6:49  Command Center  
  43  6:51  Supply Depot  
  44  6:54  SCV  
  44  6:58  SCV  
  45  7:20  SCV  
  45  7:21  SCV  
  47  7:33  SCV x2  
  47  7:37  Factory  
  49  7:41  Neosteel Armor  
  49  7:43  Missile Turret  
  49  7:45  SCV x2  
  51  7:57  SCV x2  
  53  8:03  Cyclone x2  
  59  8:09  SCV  
  60  8:14  Orbital Command  
  60  8:18  Missile Turret  
  60  8:26  SCV x2  
  62  8:38  SCV x2, Supply Depot  
  62  8:39  Missile Turret  
  62  8:40  Supply Depot  
  64  8:44  Supply Depot  
  64  8:50  SCV  
  65  9:01  Siege Tank x3  
  71  9:09  Command Center  
  71  9:20  SCV  
  71  9:21  SCV x2  
  74  9:33  SCV x3, Widow Mine  
  74  9:34  Widow Mine x2  
  83  9:45  Terran Vehicle Weapons Level 2  
  83  9:52  SCV x3  
  86  9:54  Refinery, Siege Tank  
  86  9:55  Siege Tank x2  
  86  9:57  Refinery  
  95  10:03  Command Center  
  95  10:04  SCV x3  
  98  10:16  SCV x2  
  97  10:48  SCV  
  99  10:50  SCV x2  
  99  10:54  Planetary Fortress  
  100  11:00  SCV  
  68  11:49  Planetary Fortress  
  68  11:53  Refinery  
  68  11:56  Refinery  
  68  11:57  Missile Turret  
  68  12:02  Terran Vehicle And Ship Armor Level 1  
  68  12:05  Thor x2, Siege Tank  
  83  12:17  Missile Turret  
  83  12:19  SCV  
  83  12:20  SCV x3  
  87  12:32  SCV x2  
  89  12:38  Siege Tank  
  92  12:45  Factory  
  92  12:48  Thor, Missile Turret, Siege Tank  
  101  12:52  Missile Turret  
  101  13:01  Missile Turret  
  101  13:08  Missile Turret  
  101  13:09  Thor  
  107  13:20  Siege Tank  
  107  13:31  Thor  
  111  13:36  Command Center  
  111  13:38  Missile Turret  
  111  13:51  Factory Tech Lab, Barracks Tech Lab  
  111  13:52  Siege Tank  
  108  13:56  Terran Vehicle Weapons Level 3  
  98  14:13  Command Center  
  98  14:21  Siege Tank x2  
  98  14:22  Siege Tank  
  107  14:25  Siege Tank  
  110  14:53  Siege Tank  
  110  14:54  Siege Tank  
  116  15:06  Thor, Siege Tank  
  125  15:25  Siege Tank, Thor  
  125  15:28  Missile Turret  
  134  15:33  Missile Turret  
  134  15:39  Widow Mine  
  136  15:44  Planetary Fortress  
  136  15:48  SCV x4  
  136  15:49  Thor  
  140  15:57  Widow Mine  
  140  16:00  Siege Tank, SCV  
  146  16:08  Thor  
  112  16:18  Siege Tank  
  115  16:30  Missile Turret, Refinery  
  115  16:32  Thor, Terran Vehicle And Ship Armor Level 2  
  121  16:34  Refinery  
  121  16:35  Siege Tank  
  110  16:51  Widow Mine, Siege Tank  
  103  17:08  Widow Mine  
  105  17:12  Thor  
  105  17:13  Refinery  
  105  17:15  Widow Mine  
  109  17:23  Thor  
  109  17:29  Widow Mine  
  104  17:36  Siege Tank  
  76  17:50  Thor  
  82  17:55  Siege Tank  
Show
View Real Time Build Order
Export as new Build Order

MAYoooNINTH Terran 

Build Orders: Command Center First 

Get SALT Encoding   

  12  0:04  SCV  
  13  0:17  SCV  
  14  0:26  Supply Depot  
  14  0:29  SCV  
  15  0:58  Command Center  
  15  1:10  Barracks  
  15  1:12  SCV  
  16  1:19  Refinery  
  16  1:25  SCV  
  17  1:37  SCV  
  18  1:40  Refinery  
  18  1:49  SCV  
  19  1:58  Marine  
  19  1:59  Barracks  
  19  2:01  SCV  
  21  2:07  Bunker  
  21  2:16  Marine  
  22  2:23  Orbital Command  
  22  2:37  SCV  
  22  2:38  Engineering Bay  
  23  2:45  Marine  
  24  2:53  Barracks Tech Lab  
  24  2:59  Barracks  
  24  3:04  Factory  
  24  3:13  Stimpack  
  24  3:14  Marine  
  25  3:21  Supply Depot  
  25  3:24  SCV  
  26  3:40  Barracks Tech Lab  
  26  3:49  Barracks Reactor  
  26  3:50  Factory Reactor  
  26  3:51  Barracks Tech Lab  
  26  3:55  Starport  
  26  3:59  SCV  
  27  4:05  SCV  
  28  4:11  SCV  
  28  4:12  Marauder  
  28  4:13  Marauder  
  33  4:17  Concussive Shells  
  33  4:24  SCV  
  34  4:36  SCV, Marauder  
  34  4:38  Marauder  
  39  4:39  Medivac  
  39  4:40  Medivac  
  40  4:48  SCV  
  40  4:50  Missile Turret  
  41  4:55  Missile Turret  
  41  5:00  SCV  
  41  5:10  Marine  
  41  5:11  Marine x2  
  41  5:12  SCV  
  43  5:31  Planetary Fortress  
  43  5:36  Refinery  
  43  5:42  Marine x3  
  46  5:51  Supply Depot  
  46  6:11  Marine x2  
  46  6:14  Supply Depot  
  41  6:24  Barracks Reactor  
  35  6:32  Barracks  
  35  6:33  Barracks  
  35  6:35  Missile Turret  
  35  6:36  Missile Turret  
  35  6:37  Missile Turret  
  35  6:38  Hi-Sec Auto Tracking  
  35  6:39  Supply Depot  
  35  6:41  SCV  
  35  6:42  SCV  
  37  6:54  SCV x2  
  39  6:56  Medivac  
  41  7:06  SCV, Marine x3  
  41  7:07  Marine  
  41  7:08  Combat Shield  
  46  7:18  Refinery  
  46  7:20  Medivac  
  48  7:31  Medivac  
  48  7:35  Neosteel Armor, Marine x2  
  48  7:36  Marine x2  
  54  7:38  Barracks Reactor  
  54  7:42  Barracks Reactor  
  54  7:51  Marine  
  54  7:53  Marine x3  
  54  7:54  Marine  
  54  7:55  Medivac  
  61  8:04  Supply Depot  
  61  8:20  Marine x2  
  61  8:21  Marine x6  
  61  8:22  Marine  
  61  8:26  Medivac, Supply Depot  
  72  8:38  Marine  
  73  8:44  SCV  
  74  8:49  Supply Depot  
  74  8:50  Command Center  
  74  8:56  SCV  
  74  9:00  Marine x4  
  74  9:01  Marine  
  80  9:08  SCV  
  81  9:15  Terran Infantry Weapons Level 1  
  81  9:20  SCV  
  50  9:41  Medivac x2  
  46  9:57  Marine  
  46  9:58  Marine x6  
  46  9:59  Marine x2  
  55  10:05  Planetary Fortress  
  55  10:08  Missile Turret  
  55  10:11  Medivac x2  
  55  10:12  SCV x2  
  61  10:15  Marine x2  
  61  10:16  Marine x3  
  66  10:24  SCV  
  66  10:27  Missile Turret  
  66  10:28  Armory  
  50  11:09  Terran Infantry Armor Level 1  
  50  11:10  SCV  
  51  11:16  Marine  
  51  11:17  Marine x6  
  51  11:18  Marine x2  
  60  11:22  SCV  
  61  11:29  SCV x2  
  63  11:34  SCV, Marine x3  
  63  11:35  Marine x5  
  63  11:36  Marine  
  73  11:41  SCV x2  
  73  11:46  SCV  
  76  11:52  Marine  
  77  11:54  Command Center  
  77  11:58  SCV  
  78  12:02  Marine x7  
  78  12:03  Marine  
  86  12:10  Marine  
  87  12:29  Marine x3  
  89  12:30  Marine x6  
  89  12:36  Medivac  
  77  12:47  Marine x4  
  81  13:01  Marine x4  
  81  13:02  Marine  
  81  13:03  Terran Infantry Weapons Level 2  
  81  13:05  Marine x4  
  88  13:11  Planetary Fortress  
  90  13:13  SCV x2  
  90  13:19  Marine x5  
  96  13:23  Marine x3  
  100  13:36  SCV  
  100  13:37  SCV x2  
  103  13:48  Medivac x2  
  107  13:49  SCV x3  
  107  13:51  Marine x4  
  114  14:01  SCV x3  
  117  14:13  SCV x3, Marine x5  
  117  14:14  Marine x4  
  129  14:18  Medivac  
  131  14:25  SCV  
  132  14:44  Marine x2, SCV  
  132  14:46  Marine x5  
  119  14:54  Marine x2  
  111  15:02  Marine x2  
  61  15:35  Marine x3  
  56  15:36  Marine x6  
  59  15:43  Medivac  
  59  15:44  Medivac  
  63  15:53  Marine x5  
  63  15:54  Marine x4  
  72  15:59  Command Center  
  71  16:11  Marine x3  
  72  16:12  Marine x3  
  72  16:13  Marine x2, Medivac  
  72  16:14  Medivac  
  72  16:16  Command Center  
  57  16:38  Marine  
  57  16:39  Marine x3  
  33  17:06  Marine x3  
Show
View Real Time Build Order
Export as new Build Order

Tamerlan Zerg 

Build Orders: Hatch First, Lurkers 

Get SALT Encoding   

  12  0:02  Drone  
  13  0:08  Drone  
  14  0:36  Hatchery  
  14  0:38  Drone  
  14  0:53  Spawning Pool  
  14  0:56  Extractor  
  12  0:58  Drone  
  12  1:02  Drone  
  14  1:10  Overlord  
  14  1:31  Drone x2  
  17  1:32  Drone  
  17  1:44  Queen  
  17  1:46  Zergling x2  
  20  1:53  Zergling x2  
  21  1:58  Metabolic Boost  
  21  2:00  Zergling x2  
  22  2:04  Zergling x2  
  23  2:09  Zergling x2  
  24  2:23  Overlord  
  24  2:28  Zergling x2  
  24  2:29  Zergling x2  
  26  2:49  Lair  
  26  2:51  Drone x3  
  29  2:54  Extractor  
  28  3:03  Drone  
  28  3:04  Drone x2  
  24  3:46  Queen  
  24  3:47  Drone  
  24  3:48  Drone x2  
  29  3:56  Hydralisk Den, Drone  
  29  3:57  Drone x4  
  33  4:11  Drone x2  
  35  4:22  Drone  
  35  4:23  Overlord x3  
  36  4:29  Extractor  
  36  4:31  Drone  
  36  4:32  Extractor, Drone  
  36  4:39  Lurker Den  
  36  4:45  Hydralisk x3, Infestation Pit  
  40  4:56  Spore Crawler  
  40  4:58  Spore Crawler  
  28  5:23  Drone  
  28  5:24  Drone x4  
  33  5:30  Drone x3  
  33  5:35  Muscular Augments  
  36  5:48  Queen  
  36  5:49  Drone  
  39  5:54  Drone x2  
  42  5:57  Drone  
  42  6:00  Drone  
  43  6:15  Drone  
  43  6:16  Drone  
  43  6:18  Drone x2  
  47  6:28  Drone  
  47  6:31  Drone x4  
  52  6:44  Hive  
  52  6:47  Overlord  
  52  6:50  Overlord x2  
  52  7:11  Hydralisk x4  
  52  7:14  Hydralisk x3  
  66  7:26  Drone  
  66  7:28  Hatchery  
  66  7:30  Hydralisk x4  
  74  7:39  Nydus Network  
  73  7:45  Lurker x4  
  77  7:56  Overlord x2  
  77  7:59  Overlord x2  
  77  8:09  Lurker x2  
  77  8:10  Lurker  
  80  8:28  Nydus Canal  
  80  8:39  Adaptive Talons  
  80  8:45  Extractor  
  80  8:46  Extractor  
  78  8:50  Queen  
  78  8:51  Drone x2  
  82  8:57  Hydralisk  
  82  8:58  Hydralisk x6  
  96  9:15  Nydus Canal  
  96  9:20  Drone x2  
  98  9:26  Queen  
  78  10:06  Drone  
  78  10:07  Drone x2  
  75  10:16  Seismic Spines  
  75  10:18  Evolution Chamber  
  75  10:20  Evolution Chamber  
  73  10:22  Drone x5  
  73  10:23  Drone  
  79  10:29  Overlord x6  
  76  11:08  Zerg Missile Weapons Level 1, Zerg Ground Armor Level 1  
  76  11:13  Hydralisk x3  
  76  11:14  Hydralisk x2  
  76  11:17  Hydralisk x5  
  76  11:18  Hydralisk  
  98  11:30  Overlord x6  
  98  11:31  Overlord x2  
  98  11:52  Lurker x5  
  98  11:53  Lurker x6  
  109  12:19  Hydralisk x5  
  109  12:20  Hydralisk  
  121  12:34  Nydus Canal  
  115  12:48  Hydralisk x3  
  115  12:49  Hydralisk x2  
  125  12:57  Nydus Canal  
  125  13:04  Zerg Missile Weapons Level 2  
  125  13:06  Zerg Ground Armor Level 2  
  125  13:12  Nydus Canal  
  67  13:59  Hydralisk x2  
  67  14:00  Hydralisk x6  
  67  14:01  Hydralisk x5  
  74  15:03  Zergling x6  
  74  15:04  Zergling x10  
  74  15:05  Zergling x12  
  74  15:06  Zergling x2  
  89  15:11  Zergling x4  
  89  15:12  Zergling x12  
  89  15:13  Zergling x10  
  89  15:14  Zergling x10  
  107  15:25  Zerg Missile Weapons Level 3, Zerg Ground Armor Level 3  
  58  16:19  Hydralisk x4  
  58  16:20  Hydralisk x4  
  58  16:23  Hydralisk x5  
  58  16:24  Hydralisk x4  
  92  16:32  Spire  
  91  16:41  Overseer  
  91  16:42  Overseer  
  91  16:44  Overseer  
  91  16:58  Lurker x5  
  91  16:59  Lurker x6  
  91  17:00  Lurker x2  
Show
View Real Time Build Order
Export as new Build Order

VirusLesbian Zerg 

Build Orders: Pool First, Lurkers 

Get SALT Encoding   

  13  0:07  Drone  
  13  0:10  Drone  
  13  0:13  Extractor  
  13  0:22  Drone  
  14  0:34  Spawning Pool  
  13  0:39  Extractor  
  13  0:40  Drone  
  13  0:45  Drone  
  14  0:57  Overlord  
  14  1:24  Zergling x6  
  17  1:31  Lair  
  17  1:38  Zergling x2  
  18  1:48  Metabolic Boost  
  18  1:56  Zergling x2  
  19  2:30  Nydus Network  
  19  2:33  Zergling x6  
  21  2:54  Overlord  
  21  3:07  Nydus Canal  
  21  3:24  Hatchery, Nydus Canal  
  17  3:42  Nydus Canal  
  17  3:43  Drone x2  
  18  3:58  Zergling x4  
  17  4:13  Drone  
  17  4:15  Spore Crawler  
  16  4:22  Nydus Canal  
  16  4:26  Drone  
  16  4:31  Overlord  
  17  4:42  Nydus Canal  
  15  4:53  Drone x3  
  15  4:54  Drone  
  19  5:00  Drone x2  
  21  5:14  Spore Crawler, Drone  
  21  5:16  Drone  
  21  5:19  Drone  
  23  5:29  Drone  
  23  5:34  Drone x2, Extractor  
  23  5:35  Extractor  
  24  5:43  Drone x2  
  26  5:50  Hydralisk Den  
  26  5:54  Drone x2  
  27  6:04  Drone  
  27  6:05  Drone  
  29  6:21  Lurker Den, Grooved Spines  
  29  6:23  Drone x2  
  30  6:28  Drone  
  30  6:29  Drone  
  32  6:37  Hydralisk  
  34  6:41  Hydralisk  
  36  6:51  Hydralisk  
  36  6:52  Hydralisk  
  38  7:10  Drone x2  
  38  7:11  Drone x2, Muscular Augments  
  38  7:12  Spore Crawler  
  38  7:13  Spore Crawler  
  40  7:19  Lurker x3  
  43  7:23  Overlord  
  43  7:33  Evolution Chamber  
  43  7:36  Drone  
  43  7:37  Drone  
  44  7:39  Overlord  
  44  7:43  Overlord  
  44  7:50  Drone x3  
  47  7:59  Zerg Missile Weapons Level 1  
  47  8:00  Drone  
  47  8:04  Drone  
  49  8:08  Lurker  
  49  8:10  Hydralisk  
  52  8:21  Nydus Canal  
  52  8:25  Hydralisk x3  
  58  8:40  Nydus Canal, Hydralisk  
  60  8:46  Overlord x2  
  60  8:56  Overlord x2  
  60  9:05  Hydralisk x2  
  60  9:06  Hydralisk  
  66  9:13  Nydus Canal  
  66  9:17  Hydralisk x2  
  66  9:23  Evolution Chamber  
  69  9:34  Nydus Canal  
  69  9:35  Hydralisk x2  
  73  9:40  Hydralisk x2  
  77  9:48  Hydralisk x2  
  81  9:54  Nydus Canal  
  78  10:14  Nydus Canal  
  67  10:27  Hydralisk x3  
  67  10:28  Hydralisk x3  
  55  10:36  Zerg Missile Weapons Level 2  
  55  10:39  Zerg Ground Armor Level 1  
  55  10:46  Hatchery  
  55  10:47  Extractor  
  55  10:49  Nydus Canal  
  53  10:53  Extractor  
  52  11:03  Spore Crawler  
  52  11:04  Spore Crawler  
  50  11:06  Nydus Canal  
  50  11:07  Hydralisk x2  
  50  11:08  Spore Crawler  
  50  11:11  Hydralisk  
  55  11:25  Nydus Canal  
  55  11:26  Zergling x2  
  55  11:27  Zergling x8  
  60  11:35  Pneumatized Carapace  
  60  11:47  Nydus Canal  
  60  11:48  Hydralisk  
  61  12:02  Nydus Canal  
  61  12:04  Zergling x12  
  67  12:13  Infestation Pit  
  63  12:23  Nydus Canal  
  31  12:38  Zergling x6  
  31  12:39  Zergling x6  
  34  12:57  Zergling x4  
  36  13:08  Nydus Canal  
  36  13:09  Zergling x2  
  36  13:10  Zergling x2  
  37  13:15  Zerg Ground Armor Level 2  
  37  13:18  Hive  
  30  13:39  Nydus Canal  
  29  13:41  Drone x3  
  29  13:42  Drone x3  
  34  13:54  Drone  
  34  13:55  Drone  
  35  14:09  Hatchery x2  
  33  14:13  Nydus Canal  
  30  14:20  Hydralisk x3  
  30  14:21  Hydralisk  
  38  14:32  Hydralisk  
  38  14:33  Hydralisk  
  42  14:42  Seismic Spines  
  39  14:55  Lurker x3  
  39  14:56  Lurker  
  43  15:00  Nydus Canal  
  43  15:01  Overseer  
  43  15:25  Nydus Canal, Hydralisk  
  43  15:26  Hydralisk x2  
  38  15:38  Hydralisk x2  
  38  15:41  Hydralisk  
  41  16:14  Nydus Canal  
  41  16:15  Hydralisk x2  
  41  17:02  Nydus Canal  
  41  17:08  Hydralisk  
  41  17:09  Hydralisk x5  
  53  17:22  Nydus Canal  
  53  17:25  Zergling x4  
Tags
 
Add a new tag
Caveats
  • Supply blocks, unpowered buildings, or Contaminate may cause inaccurate times.
  • Supply counts are checked every 10 seconds.